 Dungeon Crawl Stone Soup version 0.28-a0-1594-ga885d4b3d6 (webtiles) character file.

Game seed: 16066482496511224460

417 psuckher the Sneak (level 6, -37/44 HPs)
             Began as a Demonspawn Brigand on Jan 20, 2022.
             Killed by an exploding hound (41 damage)
             ... ignited by their inner flame
             ... on level 4 of the Dungeon.
             The game lasted 00:20:02 (3205 turns).

psuckher the Sneak (Demonspawn Brigand)             Turns: 3205, Time: 00:20:02

Health: -37/44     AC:  5    Str: 10 (11) XL:     6   Next: 61%
Magic:  6/6        EV: 13    Int:  9 (13) God:
Gold:   187        SH:  0    Dex: 15 (16) Spells: 5/5 levels left

rFire   . . .      SeeInvis .   a - +2 dagger
rCold   . . .      Faith    .   (no shield)
rNeg    . . .      Spirit   .   b - +0 robe
rPois   .          Reflect  .   (no helmet)
rElec   .          Harm     .   c - +0 cloak
rCorr   .          Rampage  .   (no gloves)
Will    .....                   (no boots)
Stlth   +++.......              (no amulet)
HPRegen 0.14/turn               (no ring)
MPRegen 0.10/turn               (no ring)

@: no status effects
A: claws 1, thin metallic scales 1
a: no special abilities


You were on level 4 of the Dungeon.
You visited 1 branch of the dungeon, and saw 4 of its levels.

You collected 187 gold pieces.

Inventory:

Hand Weapons
 a - a +2 dagger (weapon)
Missiles
 d - 17 poisoned darts (quivered)
 e - 2 curare-tipped darts
Armour
 b - a +0 robe (worn)
 c - a +0 cloak (worn)
 j - a +1 helmet
Magical Staves
 h - a staff of poison
Jewellery
 f - an amulet of magic regeneration
Wands
 l - a wand of flame (13)
Scrolls
 i - a scroll of teleportation {unknown}
 k - a scroll of acquirement {unknown}
 m - a scroll of fear {unknown}
 q - a scroll of silence {unknown}
 r - 2 scrolls of magic mapping {unknown}
 s - a scroll of holy word {unknown}
 t - a scroll of noise {unknown}
 u - a scroll of enchant armour {unknown}
Potions
 n - a potion of flight
 o - 2 potions of attraction
 p - a potion of degeneration


   Skills:
 - Level 2.0 Fighting
 + Level 2.9 Short Blades
 * Level 2.7 Throwing
 * Level 2.7 Dodging
 * Level 6.2 Stealth


You had 5 spell levels left.
You didn't know any spells.
Your spell library was empty.

Dungeon Overview and Level Annotations

Branches:
Dungeon (4/15)
 Temple: D:4-7

Altars:
Elyvilon
Fedhas
Sif Muna
Wu Jian


Innate Abilities, Weirdness & Mutations

You have sharp fingernails.
You are partially covered in thin metallic scales. (AC +2)


Message History

Throw: 18 darts (poison)
Press: ? - help, Q - select action, (/) - cycle Shift-Dir - straight line, f - ogre
Aim: an ogre, wielding a +0 giant club (75% to hit)
You throw a poisoned dart.
The poisoned dart closely misses the ogre.
The ogre barely misses you.
You hit the ogre.
The ogre is lightly wounded.
The ogre hits you with a +0 giant club!!
You hear a shout!
You hit the ogre.
The ogre is moderately wounded.
You hear a bark!
A kobold comes into view. It is wielding a +0 short sword.
The ogre closely misses you.
You barely miss the ogre.
The ogre is moderately wounded.
A hound comes into view.
You hit the ogre.
The ogre is moderately wounded.
The ogre hits you with a +0 giant club!
* * * LOW HITPOINT WARNING * * *
As you read the scroll labelled HOPHO ONIO, it crumbles to dust.
The creatures around you are filled with an inner flame!
It was a scroll of immolation.
The kobold hits you with a +0 short sword.
* * * LOW HITPOINT WARNING * * *
The ogre closely misses you.
Things that are here:
a +0 club; a goblin corpse You hit the hound.
Flame seeps out of the hound.
The hound is heavily wounded.
The hound is engulfed in blazing flames.
Flame seeps out of the hound.
The hound misses you. The ogre barely misses you. The kobold barely misses you.
The hound is engulfed in blazing flames.
The hound explodes!
The fiery explosion engulfs you!!!
Ouch! That really hurt!
You die...

...<...#.#####..........#
...#....#............#....
.........#............#....
..r#..#.....######..#.#.... ##
#..#.....+ #..).#.... #..#.....#
#....#.... ######### #.........
#.#§K.#.#.# #.........
#.§○@.#.##.#.........
#..#O#..#.#.#.........
##..##.##.)##...........
......##.#..#
...##..##.......... .........#.#
.(). ##.##.#.#......
........#.(##...##..##.#.#......
#......##..##.##..###...'......
#......# #..###..#.####.#...###
#......# #..#..#.##...........


You could see an ogre (inner flame) and a kobold (inner flame).

Vanquished Creatures
  Sigmund (D:3)
  An ogre (D:4)
  A hound (D:4)
  Jessica (D:2)
  Terence (D:2)
  An orc wizard (D:4)
  An iguana (D:4)
  2 adders
  9 orcs
  4 endoplasms
  5 giant cockroaches
  5 goblins
  5 hobgoblins
  2 jackals (D:3)
  5 quokkas
  7 ball pythons
  3 bats
  5 kobolds
  3 rats
62 creatures vanquished.

Notes
Turn   | Place    | Note
-------+----------+-------------------------------------------
     0 | D:1      | psuckher the Demonspawn Brigand began the quest for the
                  | Orb.
     0 | D:1      | Reached XP level 1. HP: 16/16 MP: 1/1
   450 | D:1      | Gained mutation: You are partially covered in thin metallic
                  | scales. (AC +2) [demonic ancestry]
   450 | D:1      | Reached XP level 2. HP: 15/22 MP: 2/2
   672 | D:1      | Reached skill level 4 in Stealth
   765 | D:2      | Noticed Jessica
   773 | D:2      | Killed Jessica
   774 | D:2      | Reached skill level 1 in Dodging
   774 | D:2      | Reached XP level 3. HP: 27/27 MP: 3/3
   885 | D:2      | Noticed Terence
   888 | D:2      | Killed Terence
   889 | D:2      | Reached XP level 4. HP: 32/33 MP: 4/4
  1332 | D:2      | Found a faded altar of an unknown god.
  1336 | D:2      | Prayed at the altar of an unknown god.
  1336 | D:2      | Became a worshipper of Sif Muna the Loreminder
  1336 | D:2      | Reached * piety under Sif Muna
  1338 | D:2      | Fell from the grace of Sif Muna
  1545 | D:3      | Found a blossoming altar of Fedhas.
  1578 | D:3      | Noticed Sigmund
  1598 | D:3      | Killed Sigmund
  1599 | D:3      | Reached skill level 5 in Stealth
  1599 | D:3      | Gained mutation: You have sharp fingernails. [demonic
                  | ancestry]
  1599 | D:3      | Reached XP level 5. HP: 10/38 MP: 5/5
  1838 | D:3      | Found an ornate altar of the Wu Jian Council.
  2120 | D:4      | Noticed an ogre
  2130 | D:4      | Killed an ogre
  2131 | D:4      | Reached skill level 6 in Stealth
  2131 | D:4      | Reached XP level 6. HP: 12/44 MP: 6/6
  3205 | D:4      | Killed by an exploding hound... ignited by their inner
                  | flame

Illustrated notes

Levels and vault maps discovered:
D:1:      co_arrival_square_in_a_square_in_a_square, layout_basic
D:2:      layout_loops_ring, shapermc_ecumenical_altar_mp_vishouse,
          chequers_decorated_corner, uniq_terence, uniq_jessica
D:3:      layout_rooms, mainiacjoe_overflow_alcove_2,
          amethyst_overflow_temple_binary, uniq_sigmund
D:4:      minmay_diamond_boxcup, layout_basic, lemuel_doored_altar

Skill      XL: |  1  2  3  4  5 |
---------------+----------------+-----
Short Blades   | 2 |  2.9
Stealth        | 4 5 6 |  6.2
Dodging        | 1 2 |  2.7
Throwing       | 2 |  2.7
Fighting       | |  2.0

Action                   |  1- 3 |  4- 6 || total
-------------------------+-------+-------++-------
Melee: Dagger            |    49 |   175 ||   224
       Punch             |     1 |     5 ||     6
Throw: Dart              |     2 |    20 ||    22
Invok: Renounce Religion |       |     1 ||     1
Evoke: Wand              |       |     1 ||     1
  Use: Potion            |       |     5 ||     5
       Scroll            |       |     1 ||     1
 Stab: Sleeping          |     4 |     4 ||     8
Armor: Robe              |     9 |    56 ||    65
Dodge: Dodged            |    28 |   111 ||   139

Table legend: (Time is in decaauts)
 A = Elapsed time spent in this place.
 B = Non-inter-level travel time spent in this place.
 C = Inter-level travel time spent in this place.
 D = Time resting spent in this place.
 E = Time spent auto-exploring this place.
 F = Levels seen in this place.
 G = Mean time per level.
                   A        B        C        D        E       F      G
               +--------+--------+--------+--------+--------+-----+--------+
         Total |   3186 |   2838 |    348 |      0 |      0 |   4 |  796.5 |
       Dungeon |   3186 |   2838 |    348 |      0 |      0 |   4 |  796.5 |
               +--------+--------+--------+--------+--------+-----+--------+

Top non-repeatable levels by time:
     D:4: 1085 daAuts
     D:2: 781 daAuts
     D:1: 733 daAuts
     D:3: 585 daAuts
